 Dungeon Crawl Stone Soup version 0.29.1-15-g9cfb28693d (webtiles) character file.

Game seed: 1292016196705567535

2202 BaBoi the Basher (level 9, -1/69 HPs)
             Began as a Formicid Fighter on Apr 15, 2023.
             Was a Believer of Okawaru.
             Slain by a yak (4 damage)
             ... on level 7 of the Dungeon.
             The game lasted 00:19:19 (6023 turns).

BaBoi the Basher (Formicid Fighter)                 Turns: 6023, Time: 00:19:19

Health: -1/69      AC:  6    Str: 30    XL:     9   Next: 60%
Magic:  9/9        EV: 17    Int: 11    God:    Okawaru [**....]
Gold:   395        SH:  5    Dex: 17    Spells: 8/8 levels left

rFire   . . .      SeeInvis +   a - +1 flail (venom)
rCold   . . .      Faith    .   (no shield)
rNeg    . . .      Spirit   .   v - +4 robe of Augmentation {Str+4 Int+4 Dex+4}
rPois   .          Reflect  +   (helmet unavailable)
rElec   .          Harm     .   (no cloak)
rCorr   .          Rampage  .   (no gloves)
Will    .....                   (no boots)
Stlth   ++........              g - amulet of reflection
HPRegen 0.21/turn               e - +4 ring of evasion
MPRegen 0.11/turn               i - ring of see invisible

@: no status effects
A: permanent stasis, dig shafts and tunnels, antennae 3, four strong arms
a: Dig, Shaft Self, Renounce Religion, Heroism


You were on level 7 of the Dungeon.
You worshipped Okawaru.
Okawaru was pleased with you.
You visited 2 branches of the dungeon, and saw 8 of its levels.

You collected 395 gold pieces.

Inventory:

Hand Weapons
 a - a +1 flail of venom (weapon)
Armour
 c - a +0 buckler
 l - a +2 scale mail of cold resistance
 v - the +4 robe of Augmentation (worn) {Str+4 Int+4 Dex+4}
   (You found it on level 6 of the Dungeon)

   Str:       It affects your strength (+4).
   Int:       It affects your intelligence (+4).
   Dex:       It affects your dexterity (+4).
 z - a +0 kite shield
Jewellery
 e - a +4 ring of evasion (left hand)
 g - an amulet of reflection (around neck)
 i - a ring of see invisible (right hand)
 k - an amulet of reflection
Wands
 n - a wand of roots (19)
 r - a wand of paralysis (7)
 x - a wand of digging (6)
Scrolls
 d - a scroll of brand weapon
 f - 2 scrolls of magic mapping
 p - a scroll of vulnerability {unknown}
 s - a scroll of teleportation {unknown}
 t - a scroll of immolation
 y - a scroll of enchant armour {unknown}
Potions
 b - a potion of attraction {unknown}
 h - a potion of curing {unknown}
 j - 3 potions of lignification {unknown}
 m - a potion of degeneration
 o - a potion of ambrosia
 u - a potion of might
 w - 2 potions of heal wounds
Miscellaneous
 q - a piece from Xom's chessboard (15/15)


   Skills:
 + Level 5.8 Fighting
 + Level 8.2 Maces & Flails
 + Level 6.4 Armour
 + Level 2.8 Dodging
 + Level 2.3 Stealth
 + Level 7.4 Shields


You had 8 spell levels left.
You didn't know any spells.
Your spell library contained the following spells:

 Spells                   Type           Power      Damage    Failure   Level
 Foxfire                  Conj/Fire      0%         2x1d4     34%         1
 Freeze                   Ice            0%         1d3       34%         1
 Ensorcelled Hibernation  Hex/Ice        0%         N/A       47%         2
 Passwall                 Tmut/Erth      0%         N/A       47%         2
 Frozen Ramparts          Ice            0%         1d1       71%         3
 Hailstorm                Conj/Ice       0%         3d3       98%         4
 Swiftness                Air            Unusable   N/A       N/A         3

Dungeon Overview and Level Annotations

Branches:
Dungeon (7/15)             Temple (1/1) D:5

Altars:
Ashenzari
Cheibriados
Dithmenos
Elyvilon
Gozag
Hepliaklqana
Kikubaaqudgha
Makhleb
Nemelex Xobeh
Okawaru
Qazlal
Sif Muna
Trog
Uskayaw
Vehumet
Wu Jian
Xom
Zin
The Shining One

Annotations:
D:6 2 runed translucent doors


Innate Abilities, Weirdness & Mutations

You cannot be hasted, slowed, berserked, paralysed or teleported.
You can dig through walls and to a lower floor.
You have a pair of large antennae on your head. (SInv)
Your four strong arms can wield two-handed weapons with a shield.


Message History

You sock the yak!
The yak is poisoned.
The yak is moderately wounded.
The yak completely misses you. The yak gores you!
You sock the yak!
The yak is severely wounded.
The yak barely misses you. The yak closely misses you.
You sock the yak!
The yak is almost dead.
The yak gores you! The yak closely misses you. x2
You closely miss the yak.
The yak is almost dead.
The yak misses you. x3; You block the yak's attack.
You barely miss the yak.
The yak is almost dead.
The yak misses you. The yak closely misses you. The yak barely misses you.
You block the yak's attack.
You sock the yak!
You kill the yak!
Okawaru accepts your kill. The yak gores you. The yak completely misses you.
You block the yak's attack.
You hit the yak.
The yak is poisoned.
The yak is lightly wounded.
The yak gores you. The yak completely misses you. The yak misses you.
You block the yak's attack.
You hit the yak.
The yak looks as sick as possible!
The yak is moderately wounded.
The yak misses you. The yak gores you!
* * * LOW HITPOINT WARNING * * *
The yak gores you.
* * * LOW HITPOINT WARNING * * *
The yak gores you but does no damage.
You hit the yak.
The yak looks as sick as possible!
The yak is moderately wounded.
The yak barely misses you. The yak completely misses you. The yak gores you!
* * * LOW HITPOINT WARNING * * *
The yak misses you.
You completely miss the yak.
The yak is heavily wounded.
You block the yak's attack. The yak gores you.
You die...

#.#.#..####...#.#
#####.......# #.....#
............# #..>..#
#######.#...####.#..#
##.#.............
#.......#.#.#..##
##.###..#.#.#. .
...####.###....#Y##.#
...............Y@Y..#
....###.######.##Y###
.. ...# #...Y# ##..#
###..# #..# ..<. ....
..## ##{Y# ..# #YY#
... ##.


You could see 5 yaks.

Vanquished Creatures
  A troll (D:6)
  Sigmund (D:3)
  A steam dragon (D:5)
  A yak (D:7)
  A water moccasin (D:6)
  An ice beast (D:7)
  A sky beast (D:7)
  3 ogres
  A centaur (D:7)
  A phantom (D:6)
  3 bullfrogs
  3 scorpions
  A howler monkey (D:6)
  3 hounds
  An orc priest (D:5)
  4 jellies
  Terence (D:2)
  An orc wizard (D:5)
  5 adders
  2 shadow imps
  2 white imps (D:6)
  An ufetubus (D:6)
  2 worms (D:2)
  A dart slug (D:3)
  17 orcs
  4 endoplasms
  4 giant cockroaches
  5 goblins
  7 hobgoblins
  A kobold (D:1)
  5 quokkas
  5 ball pythons
  6 bats
  A frilled lizard (D:1)
  10 rats
  2 butterflies (D:5)
109 creatures vanquished.

Notes
Turn   | Place    | Note
-------+----------+-------------------------------------------
     0 | D:1      | BaBoi the Formicid Fighter began the quest for the Orb.
     0 | D:1      | Reached XP level 1. HP: 18/18 MP: 1/1
   109 | D:1      | Reached XP level 2. HP: 23/24 MP: 2/2
   176 | D:1      | Found a faded altar of an unknown god.
   190 | D:1      | Got Plato's Secrets of Concussion
   397 | D:1      | Reached XP level 3. HP: 30/30 MP: 3/3
   917 | D:2      | Noticed Terence
   931 | D:2      | Killed Terence
   932 | D:2      | Reached skill level 3 in Maces & Flails
   932 | D:2      | Reached XP level 4. HP: 15/37 MP: 4/4
  1796 | D:3      | Reached XP level 5. HP: 38/42 MP: 5/5
  2136 | D:3      | Found a shadowy altar of Dithmenos.
  2144 | D:3      | Found a broken altar of Ashenzari.
  2152 | D:3      | Found a glowing silver altar of Zin.
  2281 | D:3      | Noticed Sigmund
  2287 | D:3      | Killed Sigmund
  2288 | D:3      | Reached skill level 4 in Maces & Flails
  2288 | D:3      | Reached skill level 1 in Dodging
  2288 | D:3      | Reached XP level 6. HP: 42/48 MP: 6/6
  2777 | D:4      | Found a radiant altar of Vehumet.
  2798 | D:4      | Reached skill level 5 in Shields
  3468 | D:5      | Entered Level 5 of the Dungeon
  3488 | D:5      | Found a staircase to the Ecumenical Temple.
  3507 | Temple   | Entered the Ecumenical Temple
  3528 | Temple   | Became a worshipper of Warmaster Okawaru
  3579 | D:5      | Reached XP level 7. HP: 52/55 MP: 7/7
  3665 | D:5      | Noticed a steam dragon
  3674 | D:5      | Killed a steam dragon
  3675 | D:5      | Reached skill level 5 in Maces & Flails
  3675 | D:5      | Reached skill level 5 in Armour
  3675 | D:5      | Reached skill level 1 in Stealth
  3862 | D:5      | Reached * piety under Okawaru
  3893 | D:5      | Found a burning altar of Makhleb.
  3942 | D:5      | Found a shimmering altar of Xom.
  4011 | D:5      | Reached XP level 8. HP: 36/61 MP: 8/8
  4426 | D:6      | Reached skill level 6 in Maces & Flails
  4434 | D:6      | Noticed a troll
  4439 | D:6      | HP: 1/61 [troll (10)]
  4445 | D:6      | Killed a troll
  4446 | D:6      | Reached skill level 5 in Fighting
  4464 | D:6      | Reached ** piety under Okawaru
  4954 | D:6      | Reached skill level 7 in Maces & Flails
  4954 | D:6      | Reached XP level 9. HP: 62/68 MP: 9/9
  5054 | D:6      | Found the +4 robe of Augmentation {Str+4 Int+4 Dex+4}
  5331 | D:6      | Found an opulent altar of Gozag.
  5526 | D:6      | Found a large runed translucent door.
  5531 | D:6      | Found a large runed translucent door.
  5886 | D:7      | Found an ornate altar of the Wu Jian Council.
  5887 | D:7      | Found a shimmering blue altar of Sif Muna.
  5900 | D:7      | Found a glowing golden altar of the Shining One.
  5900 | D:7      | Found an ancient bone altar of Kikubaaqudgha.
  5900 | D:7      | Found a stormy altar of Qazlal.
  5916 | D:7      | Reached skill level 8 in Maces & Flails
  6022 | D:7      | HP: 2/69 [yak (11)]
  6023 | D:7      | Slain by a yak

Illustrated notes

Levels and vault maps discovered:
D:1:      tarquinn_simple_flora_water_d, layout_basic,
          shapermc_ecumenical_altar_rom_forum, chequers_serial_rivers_micro_b
D:2:      layout_basic, uniq_terence
D:3:      layout_loops_ring, minitemple, roderic_serpentine_path, uniq_sigmund
D:4:      layout_basic, fiery_altar_vehumet, kennysheep_big_empty_room
D:5:      layout_cave_pools, makhleb_heckhound_becter, xom_butterflies,
          minmay_temple_entry_butterflies
D:6:      layout_loops_ring, grunt_gozag_breadcrumbs, jmf_multi_god_temple2,
          serial_rivers, chequers_serial_rivers_large_b,
          chequers_serial_rivers_room_b, chequers_serial_rivers_room_b,
          chequers_serial_rivers_room_b, serial_park_tiny_pond
D:7:      layout_basic, grunt_temple_overflow_open
Temple:   nicolae_temple_ecumenical_triangle

Skill      XL: |  1  2  3  4  5  6  7  8  9 |
---------------+----------------------------+-----
Maces & Flails | 3 4 5 7 8 |  8.2
Fighting       | 4 5 |  5.8
Armour         | 4 5 6 |  6.4
Dodging        | 1 2 |  2.8
Shields        | 5 6 7 |  7.4
Stealth        | 1 2 |  2.3

Action                   |  1- 3 |  4- 6 |  7- 9 || total
-------------------------+-------+-------+-------++-------
Melee: Flail             |    97 |    69 |   167 ||   333
  Use: Potion            |     1 |       |     1 ||     2
       Scroll            |       |    10 |       ||    10
 Stab: Sleeping          |       |       |     3 ||     3
Armor: Scale mail        |    36 |    17 |    15 ||    68
       Robe              |       |       |    13 ||    13
Dodge: Dodged            |    69 |    28 |   109 ||   206
Block: Buckler           |    29 |    31 |    95 ||   155
       Reflection        |       |     1 |     6 ||     7
       Other             |       |       |     9 ||     9
